 Dungeon Crawl Stone Soup version 0.20-a0-1086-g4bd2f5b (webtiles) character file.

41906 kuniqs the Fighter (level 14, -4/92 HPs)
             Began as a Gargoyle Fighter on May 1, 2017.
             Was the Champion of Okawaru.
             Slain by a frost giant
             ... wielding a +1 battleaxe of freezing
              (30 damage)
             ... in an ice cave.
             The game lasted 00:31:28 (15819 turns).

kuniqs the Fighter (Gargoyle Fighter)              Turns: 15819, Time: 00:31:28

Health: -4/92      AC: 32    Str: 19    XL:     14   Next: 17%
Magic:  21/21      EV: 12    Int: 14    God:    Okawaru [******]
Gold:   282        SH:  0    Dex: 11    Spells: 13/13 levels left

rFire    + . .     SeeInvis .   T - +2 great sword (flame)
rCold    + . .     Gourm    .   (shield currently unavailable)
rNeg     + . .     Faith    .   R - +3 chain mail
rPois    ∞         Spirit   .   (helmet restricted)
rElec    +         Reflect  .   C - +2 cloak
rCorr    .         Harm     .   H - +1 pair of gloves
MR       ++...                  P - +0 pair of boots
Stlth    ..........             (no amulet)
Regen    0.3/turn               B - ring of Caxe {Wiz MR+ Int+3 Dex-2}
MPRegen  0.2/turn               Q - ring of Ethics {Wiz rF+}

@: flying
A: big wings, horns 1, talons 1, cold resistance 1, negative energy resistance
1, electricity resistance, unbreathing, petrification resistance, rot immunity,
AC +9
a: Stop Flying, Heroism, Finesse, Renounce Religion


You were in an ice cave.
You worshipped Okawaru.
Okawaru was exalted by your worship.
You were not hungry.

You visited 3 branches of the dungeon, and saw 19 of its levels.
You also visited: Ice Cave.

You collected 881 gold pieces.
You spent 599 gold pieces at shops.

Inventory:

Hand Weapons
 T - a +2 great sword of flaming (weapon)
Missiles
 A - a throwing net (quivered)
Armour
 C - a +2 cloak (worn)
 H - a +1 pair of gloves (worn)
 J - a +2 scale mail of fire resistance
 P - a +0 pair of boots (worn)
 R - a +3 chain mail (worn)
Jewellery
 B - the ring of Caxe (left hand) {Wiz MR+ Int+3 Dex-2}
   (You found it on level 10 of the Dungeon)

   [ring of wizardry]

   It improves your spell success rate.
   It affects your intelligence (+3).
   It affects your dexterity (-2).
   It affects your resistance to hostile enchantments.
 O - an uncursed ring of see invisible
 Q - the ring of Ethics (right hand) {Wiz rF+}
   (You found it on level 10 of the Dungeon)

   [ring of wizardry]

   It improves your spell success rate.
   It protects you from fire.
Wands
 a - a wand of polymorph (4/24)
 c - a wand of disintegration (13/24)
 g - a wand of polymorph (4/24)
 p - a wand of iceblast (10/15)
 s - a wand of enslavement (14/24)
 u - a wand of scattershot (7/9)
 v - a wand of confusion (33/48)
 G - a wand of confusion (8/48)
 K - a wand of scattershot (0/9)
 M - a wand of lightning (4/15)
 N - a wand of clouds (6/9)
 U - a wand of confusion (32/48)
Scrolls
 b - a scroll of blinking
 j - a scroll of fog
 n - 3 scrolls of recharging
 r - 3 scrolls of enchant weapon
 t - 7 scrolls of teleportation
 w - 6 scrolls of remove curse {@r2}
 y - a scroll of immolation
 D - a scroll of fear
 E - 2 scrolls of enchant armour
 F - 3 scrolls of magic mapping
 L - a scroll of summoning
 S - a scroll of holy word {unknown}
Potions
 h - 2 potions of flight
 i - 3 potions of agility
 l - 2 potions of ambrosia
 m - 2 potions of berserk rage
 q - 2 potions of haste
 x - 4 potions of heal wounds
 z - a potion of invisibility
 I - 4 potions of curing {@q1}
Comestibles
 d - 15 bread rations
 e - 6 meat rations
 f - 13 fruits
 k - 9 royal jellies


   Skills:
 + Level 12.6 Fighting
 + Level 10.4 Long Blades
 + Level 12.3 Armour
 + Level 9.6 Dodging
   Level 3.2 Shields
 - Level 10.4 Invocations


You had 13 spell levels left.
You didn't know any spells.

Dungeon Overview and Level Annotations

Branches:
Dungeon (15/15)            Temple (1/1) D:7            Lair (3/6) D:8
  Swamp (0/4) Lair:3       Spider (0/4) Lair:2          Orc (0/2) D:11
 Vaults: D:13-14     Depths: D:15

Altars:
Ashenzari
Cheibriados
Dithmenos
Elyvilon
Fedhas
Gozag
Hepliaklqana
Kikubaaqudgha
Makhleb
Okawaru
Ru
Trog
Uskayaw
Vehumet
Wu Jian
Xom
Yredelemnul
Zin
The Shining One

Shops:
D:6 :   D:8 ?   D:12 [[}

Annotations:
D:8 Prince Ribbit
D:13 HAL9000's ghost, journeyman GrBe


Innate Abilities, Weirdness & Mutations

You are resistant to torment.
Your stone body is resilient. (AC +9)
You are immune to poison.
Your large and strong wings let you fly indefinitely.
You resist negative energy. (rN+)
You are resistant to electric shocks. (rElec)
You can survive without breathing.
You are immune to petrification.
You are immune to rotting.
You have a pair of small horns on your head.
You have sharp toenails.
Your flesh is cold resistant. (rC+)


Message History

The fiery explosion engulfs the yak.
The fiery explosion engulfs you! You resist. Okawaru accepts your kill.
You are engulfed in blazing flames.
You resist.
The yak is engulfed in blazing flames.
You hit the frost giant. You burn the frost giant.
You are engulfed in blazing flames.
You resist.
The frost giant is engulfed in blazing flames.
The frost giant hits you but does no damage.
You hit the frost giant. You burn the frost giant.
You headbutt the frost giant, but do no damage.
You are engulfed in blazing flames.
You resist.
The frost giant is engulfed in blazing flames.
The frost giant hits you but does no damage.
You hit the frost giant but do no damage.
You are engulfed in blazing flames.
You resist.
* * * LOW HITPOINT WARNING * * *
The frost giant is engulfed in blazing flames.
The frost giant hits you with a battleaxe of freezing!!
You die...

#} .$ ##### .###
####...### ...##
###....#...## h...#
##.....####..###.YY#
#.....#####..##Y.h#
...#####.#.###hC###
..## #.⌠...###@.#
### ##...#.#.###
####### ######.##
##....### ###
....#...###
######....###
####...## ##...####
# ##.....#


You could see a frost giant (inner flame), a polar bear (inner flame) and a yak
(inner flame).

Vanquished Creatures
  An ogre mage (D:12)
  2 hydras (Lair:1)
  4 two-headed ogres
  2 centaur warriors
  2 death yaks (IceCv)
  4 unseen horrors
  A deep elf mage (D:12)
  A wolf spider (Lair:2)
  2 cyclopes
  2 ugly things
  Joseph (D:7)
  An ice statue (IceCv)
  3 black mambas
  4 komodo dragons
  4 spiny frogs
  A rime drake (IceCv)
  A demonic crawler (D:14)
  2 kobold demonologists
  A redback zombie (D:13)
  An efreet (D:14)
  A troll (D:13)
  12 polar bears (IceCv)
  A hornet (D:14)
  11 blink frogs
  Grinder (D:4)
  3 hippogriffs
  A vampire (D:9)
  Sigmund (D:4)
  A shadow (D:15)
  51 yaks
  5 vampire mosquitoes
  A wyvern (D:8)
  A basilisk (Lair:2)
  A golden eye (Lair:1)
  2 hungry ghosts
  A warg (D:11)
  4 water moccasins (Lair:2)
  9 porcupines
  5 orc warriors
  4 sky beasts
  2 phantoms
  An eye of draining (D:11)
  20 wolves
  2 necrophages
  8 ogres
  7 centaurs
  8 crocodiles
  3 big kobolds
  14 bullfrogs
  3 wyvern zombies
  4 scorpions
  A water moccasin skeleton (D:9)
  11 wights
  3 howler monkeys
  5 crimson imps
  2 bullfrog zombies
  A centaur zombie (D:12)
  A quasit (D:8)
  6 orc priests
  4 hounds
  Crazy Yiuf (D:5)
  4 jellies
  11 orc wizards
  A bullfrog skeleton (D:7)
  2 centaur skeletons
  2 iguanas
  3 hell rats (Lair:3)
  12 worker ants
  12 adders
  7 gnolls
  4 shadow imps
  2 oozes
  An adder skeleton (D:4)
  4 worms
  A dart slug (D:2)
  11 leopard geckos
  47 orcs
  2 ball pythons (D:1)
  6 bats
  7 giant cockroaches
  3 goblins
  13 hobgoblins
  11 jackals
  17 kobolds
  5 quokkas
  6 frilled lizards
  A leopard gecko skeleton (D:6)
  2 quokka skeletons (D:6)
  10 rats
  A plant (Lair:2)
471 creatures vanquished.

Vanquished Creatures (others)
  2 wolves (IceCv)
  3 plants (Lair:2)
5 creatures vanquished.

Grand Total: 476 creatures vanquished

Notes
Turn   | Place    | Note
-------+----------+-------------------------------------------
     0 | D:1      | kuniqs the Gargoyle Fighter began the quest for the Orb.
     0 | D:1      | Reached XP level 1. HP: 14/14 MP: 1/1
    45 | D:1      | Reached XP level 2. HP: 9/19 MP: 2/2
   450 | D:1      | Reached XP level 3. HP: 23/23 MP: 3/3
   505 | D:1      | Reached skill level 1 in Dodging
   865 | D:2      | Reached XP level 4. HP: 21/29 MP: 4/4
   931 | D:2      | Found a snail-covered altar of Cheibriados.
  1119 | D:2      | Reached XP level 5. HP: 33/33 MP: 5/5
  1965 | D:3      | Found a basalt altar of Yredelemnul.
  2314 | D:3      | Reached XP level 6. HP: 39/39 MP: 6/6
  2596 | D:4      | Noticed Grinder
  2606 | D:4      | Paralysed by Grinder for 2 turns
  2618 | D:4      | Killed Grinder
  2618 | D:4      | Reached skill level 5 in Fighting
  2649 | D:4      | Found an ornate altar of the Wu Jian Council.
  2667 | D:4      | Reached XP level 7. HP: 37/44 MP: 7/7
  2778 | D:4      | Reached skill level 5 in Armour
  2890 | D:4      | Noticed Sigmund
  2933 | D:5      | Entered Level 5 of the Dungeon
  3104 | D:4      | Killed Sigmund
  3202 | D:4      | Found a sacrificial altar of Ru.
  3454 | D:5      | Reached XP level 8. HP: 49/51 MP: 8/8
  3765 | D:5      | Found a runed door.
  3770 | D:5      | Noticed Crazy Yiuf
  3777 | D:5      | Killed Crazy Yiuf
  3911 | D:5      | Found a shimmering altar of Xom.
  3914 | D:5      | Found a radiant altar of Vehumet.
  3917 | D:5      | Found a hazy altar of Hepliaklqana.
  4278 | D:6      | Found Myugg's Book Emporium.
  4300 | D:5      | Reached skill level 5 in Long Blades
  4675 | D:6      | Got a brightly glowing granite ring
  4677 | D:6      | Identified the ring of Veruaneh {MP+9 Stlth+} (You found it on level 6 of the Dungeon)
  4728 | D:6      | Found a burning altar of Makhleb.
  4731 | D:6      | Found a glowing silver altar of Zin.
  4731 | D:6      | Noticed an angel
  4745 | D:6      | Noticed a blizzard demon
  5030 | D:7      | Found a staircase to the Ecumenical Temple.
  5040 | Temple   | Entered the Ecumenical Temple
  5048 | Temple   | Became a worshipper of Warmaster Okawaru
  5082 | D:7      | Found a hide-covered altar of Uskayaw.
  5149 | D:7      | Found a shadowy altar of Dithmenos.
  5262 | D:7      | Reached skill level 1 in Invocations
  5376 | D:7      | Noticed Joseph
  5424 | D:7      | Killed Joseph
  5424 | D:7      | Reached * piety under Okawaru
  5424 | D:7      | Reached XP level 9. HP: 32/57 MP: 8/10
  5658 | D:7      | Found a shattered altar of Ashenzari.
  5922 | D:8      | Gained mutation: You expend magic power (3 MP) to strengthen your wands. [mutagenic meat]
  5923 | D:8      | Gained mutation: You have a pair of small antennae on your head. [mutagenic meat]
  5971 | D:8      | Lost mutation: You expend magic power (3 MP) to strengthen your wands. [potion of mutation]
  5971 | D:8      | Lost mutation: You have a pair of small antennae on your head. [potion of mutation]
  5971 | D:8      | Gained mutation: You have a pair of small horns on your head. [potion of mutation]
  5971 | D:8      | Gained mutation: You have sharp toenails. [potion of mutation]
  5971 | D:8      | Gained mutation: Your flesh is cold resistant. (rC+) [potion of mutation]
  6021 | D:8      | Noticed Prince Ribbit
  6064 | D:8      | Reached ** piety under Okawaru
  6118 | D:8      | Found a blossoming altar of Fedhas.
  6155 | D:8      | Reached skill level 5 in Dodging
  6161 | D:8      | Found a staircase to the Lair.
  6405 | D:8      | Found Bohuefi's Magic Scroll Boutique.
  6408 | D:8      | Bought a scroll of magic mapping for 45 gold pieces
  6408 | D:8      | Bought a scroll of blinking for 97 gold pieces
  6408 | D:8      | Bought a scroll of identify for 26 gold pieces
  6408 | D:8      | Bought a scroll of identify for 26 gold pieces
  6408 | D:8      | Bought a scroll of identify for 26 gold pieces
  6481 | D:8      | Noticed a two-headed ogre
  6507 | D:8      | Killed a two-headed ogre
  6507 | D:8      | Reached *** piety under Okawaru
  6507 | D:8      | Reached XP level 10. HP: 46/64 MP: 13/13
  6585 | Lair:1   | Entered Level 1 of the Lair of Beasts
  6791 | D:9      | Reached skill level 5 in Invocations
  7309 | D:9      | Reached **** piety under Okawaru
  7436 | D:9      | Found a glowing golden altar of the Shining One.
  7542 | D:9      | Found an opulent altar of Gozag.
  7661 | D:10     | Entered Level 10 of the Dungeon
  8072 | D:10     | Noticed a cyclops
  8088 | D:10     | Killed a cyclops
  8309 | D:10     | Reached XP level 11. HP: 47/71 MP: 15/15
  8615 | D:10     | Got a smoking brass ring
  8616 | D:10     | Identified the ring of Ethics {Wiz rF+} (You found it on level 10 of the Dungeon)
  8657 | D:10     | Identified the ring of Caxe {Wiz MR+ Int+3 Dex-2} (You found it on level 10 of the Dungeon)
  9151 | D:11     | Noticed an unseen horror
  9153 | D:11     | Noticed an unseen horror
  9171 | D:11     | Killed an unseen horror
  9171 | D:11     | Reached ***** piety under Okawaru
  9181 | D:11     | Killed an unseen horror
  9581 | D:11     | Noticed a two-headed ogre
  9587 | D:11     | Killed a two-headed ogre
  9608 | D:11     | Received a gift from Okawaru
  9855 | D:11     | Reached skill level 10 in Fighting
  9933 | D:11     | Found a staircase to the Orcish Mines.
 10142 | D:11     | Noticed a two-headed ogre
 10150 | D:11     | Killed a two-headed ogre
 10183 | D:11     | Noticed a sixfirhy
 10252 | D:11     | Reached XP level 12. HP: 77/77 MP: 6/17
 10375 | D:12     | Reached skill level 10 in Armour
 10646 | D:12     | Found Luuwed's Antique Armour Emporium.
 10665 | D:12     | Found Ithixak's Antique Armour Boutique.
 10680 | D:12     | Bought a translucent ring mail for 207 gold pieces
 10680 | D:12     | Bought an embroidered cloak for 172 gold pieces
 10681 | D:12     | Identified the cursed +1 ring mail of Intuition {+Blink rElec Int+2 Dex-5} (You bought it in a shop on level 12 of the Dungeon)
 10684 | D:12     | Found Zumom's Gadget Boutique.
 11048 | D:12     | Got a twitching glass ring
 11050 | D:12     | Identified the ring of Aposheemo {*Corrode +Inv +Fly rN+} (You found it on level 12 of the Dungeon)
 11073 | D:12     | Found a shadowy altar of Dithmenos.
 11138 | D:12     | Reached ****** piety under Okawaru
 11143 | D:12     | You fall through a shaft for 3 floors!
 11143 | D:15     | Entered Level 15 of the Dungeon
 11626 | D:14     | Received a gift from Okawaru
 11821 | D:14     | Noticed a centaur warrior
 11840 | D:14     | Killed a centaur warrior
 12253 | D:13     | Noticed a centaur warrior
 12263 | D:13     | Killed a centaur warrior
 12358 | D:13     | Noticed a two-headed ogre
 12359 | D:13     | Noticed a two-headed ogre
 12359 | D:13     | Noticed an ogre mage
 12374 | D:13     | Killed a two-headed ogre
 12374 | D:13     | Received a gift from Okawaru
 12383 | D:13     | Noticed HAL9000's ghost (journeyman GrBe)
 12391 | D:12     | Killed an ogre mage
 12658 | Lair:1   | Reached XP level 13. HP: 84/84 MP: 19/19
 12899 | Lair:1   | Noticed Sonja
 12900 | Lair:1   | Noticed Sonja
 12900 | Lair:1   | Sonja changed into Sonja the golden eye
 12908 | Lair:1   | Killed Sonja the golden eye
 13119 | Lair:1   | Received a gift from Okawaru
 13743 | Lair:2   | Reached skill level 10 in Invocations
 13818 | Lair:2   | Found a hole to the Spider Nest.
 14546 | Lair:2   | Received a gift from Okawaru
 14945 | Lair:3   | Reached skill level 10 in Long Blades
 14974 | Lair:3   | Found a frozen archway.
 14983 | IceCv    | Entered an ice cave
 15352 | IceCv    | Gained mutation: Your large and strong wings let you fly indefinitely. [Gargoyle growth]
 15352 | IceCv    | Reached XP level 14. HP: 82/92 MP: 21/21
 15801 | IceCv    | Noticed a frost giant
 15819 | IceCv    | Slain by a frost giant

Vault maps used:
D:1:      evilmike_arrival_crescent
D:2:      old_standard_altar, minmay_item_behind_shaft
D:3:      nicolae_overflow_crystal_walls, first_bread
D:4:      lemuel_doored_altar, serial_park_tiny_1, small_statue_intersection,
          nicolae_ru_the_path_less_chosen, uniq_grinder, uniq_sigmund
D:5:      grunt_temple_overflow_diamond, uniq_crazy_yiuf_cottage
D:6:      grunt_temple_overflow_order_and_chaos_2, serial_shops, shop
D:7:      kennysheep_little_box, eat_drink_and_be_merry_uskayaw,
          minmay_temple_entry_trees, evilmike_ruin_ashenzari, uniq_joseph
D:8:      lemuel_round_altar, lair_entry_dummy, serial_shops, kennysheep_mini,
          uniq_prince_ribbit1
D:9:      nicolae_tso_carved_into_rock, marbit_many_paths
D:11:     david_orc_3, grunt_ogre_cave
D:12:     serial_shops, shop, nicolae_shop_stone, shop, basic_altar
D:13:     david_vaults_2, serial_shops, shop
D:14:     einodemon_crawler_minivault
D:15:     hangedman_depths_entry_try_elsewhere_first, minmay_misc_feat_doors,
          minivault_28
Temple:   compressed_dpeg_triangle_lava_temple
Lair:1:   beast_lair_carwin_10, uniq_sonja
Lair:2:   spider_nest_entry_rubble, serial_forest,
          infiniplex_forest_lined_room_, infiniplex_forest_3_way,
          infiniplex_forest_lined_3, infiniplex_forest_clump_long,
          infiniplex_forest_end_1, infiniplex_forest_end_1,
          infiniplex_forest_clump_tiny
Lair:3:   minmay_swamp_entry_worms, portal_ice_cave_entry_pillars_1,
          serial_bayou_shore_b, serial_bayou_shore_a
IceCv:    ice_cave_caverns_01

Skill      XL: |  1  2  3  4  5  6  7  8  9 10 11 12 13 |
---------------+----------------------------------------+-----
Long Blades    | 2 3 4 5 6 7 8 9 10 | 10.4
Dodging        | 1 2 3 4 5 6 7 8 9 |  9.6
Fighting       | 4 5 7 8 9 10 11 12 | 12.6
Armour         | 4 5 6 8 9 11 12 | 12.3
Invocations    | 2 4 6 7 9 10 | 10.4
Shields        | |  3.2

Action                   |  1- 3 |  4- 6 |  7- 9 | 10-12 | 13-15 || total
-------------------------+-------+-------+-------+-------+-------++-------
Melee: Long sword        |    95 |   258 |   247 |   824 |       ||  1424
       Unarmed           |       |       |    25 |       |       ||    25
       Falchion          |       |       |   223 |    90 |       ||   313
       Kick              |       |       |    33 |   105 |       ||   138
       Headbutt          |       |       |    16 |   260 |   121 ||   397
       Great sword       |       |       |       |    21 |   500 ||   521
Invok: Heroism           |       |       |       |     1 |       ||     1
 Abil: Fly               |       |       |       |       |     1 ||     1
Evoke: Wand              |       |       |     9 |     1 |     1 ||    11
  Use: Potion            |       |     1 |     6 |     2 |     2 ||    11
       Scroll            |       |       |    17 |     7 |     5 ||    29
 Stab: Sleeping          |       |       |     1 |       |       ||     1
       Confused          |       |       |     3 |       |       ||     3
       Distracted        |       |       |       |     1 |       ||     1
  Eat: Chunk             |       |     7 |    21 |    30 |    12 ||    70
Armor: Scale mail        |    63 |   123 |   216 |   248 |       ||   650
       Skin              |       |       |     8 |       |       ||     8
       Chain mail        |       |       |       |   305 |   497 ||   802
Dodge: Dodged            |    33 |    86 |   167 |   325 |   414 ||  1025
Block: Shield            |    53 |   129 |   205 |   412 |       ||   799
       Rpst.: Long sword |    12 |    25 |    27 |    92 |       ||   156
       Falchion          |       |       |    20 |     9 |       ||    29
       Great sword       |       |       |       |     7 |   112 ||   119
